Map: Newkirk Precinct TE (Void)

Players

Neeb - Winner!

  • Race: Protoss Protoss
  • Spawn Location: 7:00

Seither

  • Race: Terran Terran
  • League: Master
  • Spawn Location: 5:00

Event: NationWars IV

VOD

Have the link to the VOD?

Description

Time

  • Played on: Dec. 23, 2016, 1:07 p.m.
  • Length: 7:44

All games in this series

Show
View Real Time Build Order
Export as new Build Order

Neeb Protoss - Winner!

Build Orders: 1 Gate Expand, Blink Stalkers 

Get SALT Encoding   

  12  0:00  Probe (Chrono Boost)  
  13  0:11  Probe (Chrono Boost)  
  14  0:17  Pylon  
  14  0:22  Probe (Chrono Boost)  
  16  0:35  Probe (Chrono Boost)  
  16  0:36  Gateway  
  16  0:46  Probe (Chrono Boost)  
  16  0:47  Assimilator  
  18  0:57  Probe (Chrono Boost)  
  18  1:07  Probe (Chrono Boost)  
  19  1:19  Nexus  
  19  1:22  Probe (Chrono Boost)  
  20  1:33  Cybernetics Core  
  20  1:36  Probe (Chrono Boost)  
  21  1:42  Assimilator  
  21  1:47  Probe (Chrono Boost)  
  22  1:53  Pylon  
  22  1:57  Probe (Chrono Boost)  
  23  2:08  Adept  
  23  2:11  Warp Gate  
  23  2:13  Probe (Chrono Boost)  
  26  2:26  Mothership Core (Chrono Boost)  
  28  2:32  Probe (Chrono Boost)  
  31  2:43  Probe (Chrono Boost)  
  32  2:45  Probe (Chrono Boost)  
  32  2:48  Robotics Facility  
  31  2:52  Stalker  
  31  2:53  Probe (Chrono Boost)  
  31  2:55  Probe (Chrono Boost)  
  35  3:04  Probe (Chrono Boost)  
  36  3:06  Probe (Chrono Boost)  
  37  3:14  Probe (Chrono Boost)  
  37  3:16  Probe (Chrono Boost)  
  37  3:17  Twilight Council  
  39  3:25  Probe (Chrono Boost)  
  41  3:27  Probe (Chrono Boost)  
  41  3:32  Observer  
  41  3:35  Probe (Chrono Boost), Gateway x2  
  41  3:38  Blink, Assimilator  
  41  3:40  Probe (Chrono Boost)  
  44  3:42  Pylon  
  44  3:46  Probe (Chrono Boost)  
  45  3:52  Probe (Chrono Boost)  
  46  4:01  Probe (Chrono Boost)  
  47  4:04  Probe (Chrono Boost)  
  47  4:07  Pylon  
  47  4:08  Observer  
  49  4:11  Probe (Chrono Boost)  
  49  4:16  Probe (Chrono Boost)  
  51  4:17  Stalker  
  51  4:19  Pylon  
  51  4:22  Probe (Chrono Boost)  
  54  4:29  Probe (Chrono Boost)  
  55  4:32  Probe (Chrono Boost)  
  56  4:42  Stalker x3  
  62  4:50  Assimilator  
  62  4:51  Observer  
  62  4:52  Nexus  
  62  4:54  Probe (Chrono Boost)  
  62  4:55  Probe (Chrono Boost)  
  62  4:56  Pylon  
  64  5:07  Immortal  
  64  5:09  Probe x2 (Chrono Boost)  
  70  5:15  Adept x2, Sentry  
  76  5:24  Pylon  
  76  5:25  Probe (Chrono Boost)  
  76  5:27  Probe (Chrono Boost)  
  78  5:34  Charge  
  78  5:36  Gateway  
  78  5:37  Gateway  
  78  5:41  Gateway  
  80  5:43  Probe x2 (Chrono Boost)  
  80  5:46  Pylon  
  78  5:53  Immortal  
  79  6:02  Sentry  
  79  6:03  Sentry  
  86  6:05  Gateway  
  86  6:10  Gateway  
  86  6:12  Zealot  
  88  6:19  Pylon  
  88  6:27  Immortal  
  88  6:31  Zealot x2  
  96  6:37  Pylon  
  96  6:38  Stalker  
  98  6:40  Pylon  
  98  6:41  Stalker  
  98  6:46  Stalker x2  
  100  6:59  Stalker x2  
  102  7:01  Immortal  
  104  7:09  Stalker  
  104  7:10  Stalker x2  
  110  7:22  Stalker x4  
  113  7:37  Stalker  
Show
View Real Time Build Order
Export as new Build Order

Seither Terran 

Build Orders: Reaper Expand, MMM Bio 

Get SALT Encoding   

  12  0:00  SCV  
  13  0:13  SCV  
  14  0:18  Supply Depot  
  14  0:25  SCV  
  15  0:29  Refinery  
  15  0:39  SCV  
  16  0:45  Barracks  
  16  0:51  SCV  
  17  1:03  SCV  
  18  1:16  SCV  
  19  1:32  Orbital Command  
  19  1:33  Reaper  
  20  1:47  Command Center  
  20  1:55  Factory  
  20  1:59  SCV  
  21  2:06  Refinery  
  21  2:08  Barracks Reactor  
  21  2:11  SCV  
  22  2:17  Supply Depot  
  22  2:23  SCV  
  23  2:38  SCV  
  23  2:43  Widow Mine  
  23  2:44  Starport  
  26  2:47  Marine x2  
  26  2:50  SCV  
  29  3:00  Orbital Command  
  29  3:02  SCV  
  29  3:04  Marine  
  29  3:05  Marine  
  32  3:12  Widow Mine  
  33  3:21  Medivac  
  33  3:23  Barracks  
  33  3:26  SCV  
  36  3:28  SCV  
  36  3:30  Marine  
  36  3:33  Marine  
  39  3:38  Supply Depot  
  39  3:42  Factory Tech Lab  
  39  3:43  SCV x2  
  41  3:48  Marine  
  41  3:51  Marine  
  43  3:56  SCV x2  
  43  4:02  Starport Tech Lab, Siege Tank  
  48  4:09  SCV  
  49  4:10  Supply Depot  
  49  4:13  Marine  
  49  4:14  Marine  
  51  4:20  SCV, Engineering Bay  
  52  4:35  Siege Tank  
  53  4:41  Marine  
  53  4:42  Marine x2  
  53  4:43  Stimpack  
  56  4:47  SCV x2  
  56  4:49  Barracks  
  58  4:53  Terran Infantry Weapons Level 1  
  58  4:57  Starport Reactor  
  58  4:58  Refinery  
  58  4:59  Refinery  
  59  5:00  SCV x2  
  59  5:04  Supply Depot  
  60  5:12  Marine x2  
  62  5:15  Supply Depot  
  62  5:16  SCV  
  62  5:17  Factory Reactor  
  61  5:25  SCV  
  61  5:26  Marauder, Supply Depot  
  64  5:28  SCV  
  64  5:34  Marine x2  
  67  5:36  Medivac  
  67  5:38  SCV  
  67  5:41  Medivac  
  72  5:45  Combat Shields  
  71  5:52  Marauder x2  
  71  5:53  SCV  
  71  5:54  SCV  
  77  6:00  Missile Turret  
  77  6:03  Missile Turret, Widow Mine  
  79  6:06  Widow Mine  
  79  6:09  SCV x2  
  83  6:12  Marine  
  83  6:13  Marine  
  83  6:18  Supply Depot  
  85  6:21  SCV x2  
  86  6:26  Marauder, Medivac  
  86  6:30  Marauder  
  91  6:34  Supply Depot, Medivac  
  91  6:37  SCV  
  95  6:40  SCV  
  95  6:41  Marine x2  
  95  6:45  Supply Depot  
  84  6:58  Marauder, Widow Mine x2  
  84  6:59  Marauder, Marine x2  
  84  7:00  Supply Depot  
  88  7:03  SCV x2  
  89  7:18  Marine x2  
  89  7:21  Marauder x2  
Tags
 
Add a new tag
Caveats
  • Supply blocks, unpowered buildings, or Contaminate may cause inaccurate times.
  • Supply counts are checked every 10 seconds.